 Dungeon Crawl Stone Soup version 0.30-a0-930-gb9d0489357 (webtiles) character file.

Game seed: 7832426705289189291

8978 cheesebisquit the Fighter (level 11, -4/99 HPs)
             Began as a Minotaur Fighter on Mar 23, 2023.
             Slain by a death yak (7 damage)
             ... on level 9 of the Dungeon.
             The game lasted 00:33:57 (8720 turns).

cheesebisquit the Fighter (Minotaur Fighter)        Turns: 8720, Time: 00:33:57

Health: -4/99      AC: 16    Str: 25    XL:     11   Next: 17%
Magic:  10/10      EV:  9    Int:  5    God:
Gold:   527        SH:  6    Dex: 10    Spells: 10/10 levels left

rFire   + . .      SeeInvis .    a - +1 war axe
rCold   . . .      Faith    .    c - +0 buckler
rNeg    + + .      Spirit   .    q - +0 plate armour
rPois   .          Reflect  .    (helmet restricted)
rElec   .          Rampage  +    K - +0 cloak of the Elephant {Rampage *Corrode rN++ Stlth+}
rCorr   .                        (no gloves)
Will    .....                    (no boots) Stlth
                                 A - amulet of regeneration
HPRegen 1.16/turn                D - ring of protection from fire
MPRegen 0.12/turn                (no ring)

@: lethally poisoned (-4 -> -12)
A: horns 2, retaliatory headbutt
a: no special abilities


You were on level 9 of the Dungeon.
You visited 2 branches of the dungeon, and saw 10 of its levels.

You collected 551 gold pieces.
You spent 24 gold pieces at shops.

Inventory:

Hand Weapons
 a - a +1 war axe (weapon)
 b - a +3 dire flail of freezing
Missiles
 t - a silver boomerang
 v - 2 throwing nets
 w - 6 atropa-tipped darts
 z - 10 poisoned darts (quivered)
 H - 2 curare-tipped darts
Armour
 c - a +0 buckler (worn)
 q - a +0 plate armour (worn)
 K - the +0 cloak of the Elephant (worn) {Rampage *Corrode rN++ Stlth+}
   (You found it on level 9 of the Dungeon)

   rN:        It greatly protects you from negative energy.
   *Corrode:  It may corrode you when you take damage.
   Rampage:   It bestows one free step when moving towards enemies.
   Stlth:     It makes you more stealthy.
Jewellery
 s - the amulet of Psychosis {Faith Slay+3}
   (You took it off a goblin on level 3 of the Dungeon)

   [amulet of faith]

   It allows you to gain divine favour quickly.
   Slay:      It affects your accuracy & damage with ranged weapons and melee
   (+3).
 y - an amulet of magic regeneration
 A - an amulet of regeneration (around neck)
 B - an amulet of the acrobat
 D - a ring of protection from fire (left hand)
Wands
 g - a wand of polymorph (13)
 h - a wand of paralysis (22)
 I - a wand of roots (4)
Scrolls
 f - a scroll of magic mapping
 j - a scroll of noise
 o - 2 scrolls of vulnerability
 p - a scroll of poison
 u - a scroll of acquirement {unknown}
 C - a scroll of fog {unknown}
 E - a scroll of enchant armour {unknown}
Potions
 d - 3 potions of brilliance
 i - 3 potions of mutation
 l - 2 potions of cancellation
 m - a potion of magic
 x - a potion of lignification
 F - 2 potions of flight


   Skills:
 + Level 10.1 Fighting
 + Level 9.7 Axes
 + Level 10.1 Armour
 + Level 8.5 Dodging
 + Level 10.1 Shields


You had 10 spell levels left.
You didn't know any spells.
Your spell library contained the following spells:

 Spells                   Type           Power      Damage    Failure   Level
 Sandblast                Erth           0%         2d4       100%        1
 Slow                     Hex            0%         N/A       100%        1
 Ensorcelled Hibernation  Hex/Ice        0%         N/A       100%        2
 Lesser Beckoning         Tloc           0%         N/A       100%        2
 Passwall                 Tmut/Erth      0%         N/A       100%        2
 Confusing Touch          Hex            0%         N/A       100%        3
 Frozen Ramparts          Ice            0%         1d1       100%        3
 Gell's Gravitas          Tloc           0%         N/A       100%        3
 Ozocubu's Armour         Ice            0%         N/A       100%        3
 Spider Form              Tmut/Pois      0%         N/A       100%        3
 Stone Arrow              Conj/Erth      0%         3d7       100%        3
 Teleport Other           Tloc           0%         N/A       100%        3
 Vampiric Draining        Necr           0%         2d6       100%        3
 Anguish                  Hex/Necr       0%         N/A       100%        4
 Ice Form                 Ice/Tmut       0%         N/A       100%        4
 Summon Ice Beast         Ice/Summ       0%         N/A       100%        4
 Metabolic Englaciation   Hex/Ice        0%         N/A       100%        5
 Simulacrum               Ice/Necr       0%         N/A       100%        6


Dungeon Overview and Level Annotations

Branches:
Dungeon (9/15)             Temple (1/1) D:5            Lair (0/5) D:9
    Orc: D:9-12

Altars:
Ashenzari
Cheibriados
Dithmenos
Elyvilon
Fedhas
Gozag
Hepliaklqana
Kikubaaqudgha
Makhleb
Nemelex Xobeh
Okawaru
Qazlal
Ru
Sif Muna
Trog
Uskayaw
Vehumet
Wu Jian
Xom
Yredelemnul
Zin
The Shining One

Shops:
D:2 ?

Annotations:
D:5 3 runed translucent doors, Chudface's ghost, novice AtWr


Innate Abilities, Weirdness & Mutations

You have a pair of horns on your head.
You reflexively headbutt those who attack you in melee.


Message History

You barely miss the death yak.
The death yak is heavily wounded.
You feel very sick. You block the gnoll sergeant's attack.
The death yak barely misses you.
Okay, then.
You slash the death yak!
You headbutt the death yak, but do no damage.
The death yak is heavily wounded.
You feel sick. The death yak gores you!!
* * * LOW HITPOINT WARNING * * *
The gnoll sergeant hits you from afar with a +2 spear of venom.
* * * LOW HITPOINT WARNING * * *
You are more poisoned.
You hit the death yak but do no damage. You headbutt the death yak!
The death yak is severely wounded.
You feel very sick. The gnoll sergeant barely misses you.
The death yak gores you but does no damage.
You barely miss the death yak. You headbutt the death yak!
The death yak is severely wounded.
You feel very sick. The death yak gores you.
* * * LOW HITPOINT WARNING * * *
The gnoll sergeant hits you from afar with a +2 spear of venom.
* * * LOW HITPOINT WARNING * * *
You are lethally poisoned!
Okay, then.
Okay, then.
Okay, then.
Okay, then.
As you read the scroll labelled ZYAGYISOHE, it crumbles to dust.
Your body is wracked with pain!
* * * LOW HITPOINT WARNING * * *
The death yak convulses!
Something is bathed in an unholy light!
The gnoll sergeant convulses!
The gnoll convulses!
The death yak convulses!
The gnoll convulses!
It was a scroll of torment.
* * * LOW HITPOINT WARNING * * *
You feel very sick. The death yak gores you!
You die...

#..'..#..#..#...#....##
#..#..#....##...##...##
######..#..##...#...##
#....
#.......##..#..##..##
...#
#........##[##.#..##
.## #.........##.#...##
#.# ......$....###+###
#. ..........####.# #
........#{Y@...# #
..#######g###### #
.......Ygg# # ...#.gr.#
# #..)Y.# . #g...gY..
/# ......... .#
..#r.....# ##
>.r..###..


You could see 2 death yaks, a gnoll sergeant and 2 gnolls.

Vanquished Creatures
  A hydra (D:9)
  A two-headed ogre (D:9)
  A deep elf pyromancer (D:9)
  An ugly thing (D:9)
  Joseph (D:8)
  An unseen horror zombie (D:8)
  3 trolls
  Prince Ribbit (D:6)
  A shadow (D:9)
  2 wyverns (D:8)
  10 yaks
  An acid dragon (D:7)
  A water moccasin (D:8)
  2 orc warriors (D:7)
  A hornet zombie (D:8)
  A black bear (D:8)
  An ogre (D:4)
  A phantom (D:5)
  3 kobold brigands
  2 bullfrogs
  2 wyvern zombies (D:8)
  3 scorpions
  13 wights
  15 killer bees
  A lava snake (D:8)
  4 centaur zombies (D:8)
  2 orc priests (D:7)
  A gnoll bouda (D:5)
  4 iguanas
  A sleepcap (D:5)
  Jessica (D:3)
  8 orc wizards
  4 killer bee zombies (D:8)
  A howler monkey zombie (D:8)
  4 adders
  10 gnolls
  2 shadow imps
  3 ufetubi
  A worm (D:2)
  3 dart slugs (D:5)
  26 orcs
  3 endoplasms
  3 giant cockroaches
  8 goblins
  5 hobgoblins
  3 jackals (D:2)
  4 quokkas
  2 ball pythons
  A bat (D:3)
  2 frilled lizards
  10 kobolds
  2 rats (D:1)
  22 bushes (D:1)
210 creatures vanquished.

Vanquished Creatures (others)
  5 fungi (D:6)
  18 plants (D:1)
  3 toadstools (D:6)
  A withered plant (D:8)
27 creatures vanquished.

Grand Total: 237 creatures vanquished

Notes
Turn   | Place    | Note
-------+----------+-------------------------------------------
     0 | D:1      | cheesebisquit the Minotaur Fighter began the quest for the
                  | Orb.
     0 | D:1      | Reached XP level 1. HP: 19/19 MP: 0/0
    12 | D:1      | Reached XP level 2. HP: 15/27 MP: 1/1
  1009 | D:1      | Reached skill level 1 in Dodging
  1490 | D:2      | Reached XP level 3. HP: 25/33 MP: 2/2
  1940 | D:2      | Found a snail-covered altar of Cheibriados.
  2037 | D:2      | Reached XP level 4. HP: 40/40 MP: 3/3
  2220 | D:2      | Found Isasyawe's Magic Scroll Shoppe.
  2231 | D:2      | Bought a scroll of identify for 24 gold pieces
  2433 | D:3      | Noticed Jessica
  2443 | D:3      | Killed Jessica
  2603 | D:3      | Found a faded altar of an unknown god.
  2861 | D:3      | Identified the amulet of Psychosis {Faith Slay+3}
  3245 | D:3      | Identified the +7 falchion of Conscience {flame, rElec
                  | Str-5 Int+3 Stlth+}
  3417 | D:4      | Noticed an ogre
  3424 | D:4      | Killed an ogre
  3425 | D:4      | Reached XP level 5. HP: 39/47 MP: 4/4
  4236 | D:4      | Reached XP level 6. HP: 55/55 MP: 5/5
  4393 | D:5      | Entered Level 5 of the Dungeon
  4399 | D:5      | Reached skill level 5 in Shields
  4401 | D:5      | Reached skill level 5 in Fighting
  4401 | D:5      | Reached skill level 5 in Armour
  4561 | D:5      | Found a staircase to the Ecumenical Temple.
  4585 | Temple   | Entered the Ecumenical Temple
  4835 | D:5      | Found a runed translucent gate.
  4835 | D:5      | Found a runed translucent gate.
  4836 | D:5      | Found a runed translucent gate.
  4844 | D:5      | Noticed Chudface's ghost (novice AtWr)
  4911 | D:5      | Found a shadowy altar of Dithmenos.
  4947 | D:5      | Reached XP level 7. HP: 61/61 MP: 6/6
  5071 | D:5      | HP: 4/91 [gnoll/+0 halberd[a gnoll bouda] (9)]
  5697 | D:6      | Reached skill level 5 in Axes
  5739 | D:6      | Found a sparkling altar of Nemelex Xobeh.
  5896 | D:6      | Noticed a troll
  5904 | D:6      | Killed a troll
  5971 | D:6      | Reached XP level 8. HP: 68/70 MP: 7/7
  6066 | D:6      | Noticed Prince Ribbit
  6071 | D:6      | Killed Prince Ribbit
  6338 | D:7      | Reached skill level 5 in Dodging
  6365 | D:7      | Reached XP level 9. HP: 14/79 MP: 8/8
  6483 | D:7      | Found an ornate altar of the Wu Jian Council.
  6512 | D:7      | HP: 3/79 [orc warrior/+0 glaive (15)]
  6603 | D:7      | Noticed a troll
  6613 | D:7      | Killed a troll
  7563 | D:7      | Reached XP level 10. HP: 46/90 MP: 9/9
  7664 | D:8      | Noticed a +0 dagger
  7664 | D:8      | Noticed a +0 spear
  7664 | D:8      | Noticed a +0 spear
  7664 | D:8      | Noticed a +0 dagger
  7665 | D:8      | Noticed a +0 falchion
  7665 | D:8      | Noticed a +0 short sword
  7666 | D:8      | Noticed a +0 falchion
  7666 | D:8      | Noticed a +0 short sword
  7872 | D:8      | Found a hide-covered altar of Uskayaw.
  7985 | D:8      | Noticed Joseph
  7998 | D:8      | Killed Joseph
  8046 | D:8      | Found a broken altar of Ashenzari.
  8047 | D:8      | Found a blossoming altar of Fedhas.
  8047 | D:8      | Found a stormy altar of Qazlal.
  8048 | D:8      | Found an iron altar of Okawaru.
  8187 | D:8      | Found a basalt altar of Yredelemnul.
  8437 | D:9      | Noticed a two-headed ogre
  8448 | D:9      | Killed a two-headed ogre
  8560 | D:9      | Identified the +0 cloak of the Elephant {Rampage *Corrode
                  | rN++ Stlth+}
  8579 | D:9      | Noticed a red ugly thing
  8579 | D:9      | Noticed a four-headed hydra
  8579 | D:9      | Noticed a deep elf pyromancer
  8585 | D:9      | Noticed a cyclops
  8589 | D:9      | Killed a red ugly thing
  8590 | D:9      | Reached XP level 11. HP: 99/99 MP: 10/10
  8595 | D:9      | Killed a ten-headed hydra
  8596 | D:9      | Reached skill level 10 in Fighting
  8596 | D:9      | Reached skill level 10 in Armour
  8596 | D:9      | Reached skill level 10 in Shields
  8600 | D:9      | Killed a deep elf pyromancer
  8703 | D:9      | Noticed a death yak
  8704 | D:9      | Found a staircase to the Lair.
  8704 | D:9      | Noticed a death yak
  8704 | D:9      | Noticed a death yak
  8720 | D:9      | HP: 3/99 [poisoned by a gnoll sergeant]
  8720 | D:9      | Slain by a death yak

Illustrated notes

Levels and vault maps discovered:
D:1:      mrwooster_arrival_statue_3, layout_rooms, serial_forest,
          infiniplex_forest_end_2, infiniplex_forest_lined_corner,
          infiniplex_forest_end_3, infiniplex_forest_split,
          infiniplex_forest_lined_2, infiniplex_forest_straight_5,
          infiniplex_forest_clump_small, infiniplex_forest_straight_4,
          infiniplex_forest_end_1
D:2:      layout_loops_corners, basic_altar, serial_shops,
          nicolae_shop_hallway_plus, kennysheep_crisscross
D:3:      layout_basic, hellmonk_ecumenical_altar_run_dry,
          nicolae_underground_beach, uniq_jessica
D:4:      layout_cave_pods
D:5:      layout_basic, overflow_temple_1_default,
          minmay_temple_entry_statues_fountains, gammafunk_ghost_split
D:6:      layout_basic, lemuel_doored_altar, grunt_decor_mini_mirrors,
          minmay_statues_item, minmay_holes, chequers_serial_rivers_micro_a,
          palyth_stone_intersect, minmay_gold_behind_fungi, hex_tiny,
          uniq_prince_ribbit1
D:7:      layout_gridville, nicolae_wu_jian_wuxing_cycle, enter_bailey_2
D:8:      layout_loops_ring, mainiacjoe_overflow_24_doors,
          nicolae_uskayaw_en_pointe, chequers_temple_overflow_statue_of_worship,
          serial_undead, serial_undead_a, serial_undead_b, serial_undead_d,
          serial_undead_a, serial_undead_d, serial_undead_c,
          nicolae_kite_square_tiling_tiny, hangedman_abyss_or_decor_slice,
          uniq_joseph
D:9:      minmay_the_grid_octo_triangle [minmay_the_grid_octo_tetromino_candy,
          minmay_the_grid_octo_prize_single_spiral,
          minmay_the_grid_octo_odd_swirl], layout_basic, dpeg_lair_monsters,
          erik_orc_1
Temple:   nicolae_temple_figure_eight

Skill      XL: |  1  2  3  4  5  6  7  8  9 10 11 |
---------------+----------------------------------+-----
Dodging        | 1 2 3 4 5 6 8 |  8.5
Fighting       | 4 5 6 7 8 9 10 | 10.1
Armour         | 4 5 6 7 8 9 10 | 10.1
Shields        | 4 5 6 7 8 9 10 | 10.1
Axes           | 3 4 5 6 8 9 |  9.7

Action                     |  1- 3 |  4- 6 |  7- 9 | 10-12 || total
---------------------------+-------+-------+-------+-------++-------
  Melee: War axe           |   856 |   114 |   255 |   208 ||  1433
         Headbutt          |   294 |    14 |    41 |    41 ||   390
  Throw: Dart              |       |       |    26 |       ||    26
    Use: Scroll            |       |     8 |     9 |     4 ||    21
         Potion            |       |     1 |    12 |     2 ||    15
 Armour: Scale mail        |    20 |    57 |       |       ||    77
         Plate armour      |       |     1 |   193 |    99 ||   293
  Dodge: Dodged            |    38 |    75 |   164 |   104 ||   381
  Block: Buckler           |    11 |    18 |   108 |    68 ||   205

Table legend: (Time is in decaauts)
 A = Elapsed time spent in this place.
 B = Non-inter-level travel time spent in this place.
 C = Inter-level travel time spent in this place.
 D = Time resting spent in this place.
 E = Time spent auto-exploring this place.
 F = Levels seen in this place.
 G = Mean time per level.
                   A        B        C        D        E       F      G
               +--------+--------+--------+--------+--------+-----+--------+
         Total |   9169 |   8843 |    326 |    172 |   5914 |  10 |  916.9 |
       Dungeon |   8949 |   8634 |    315 |    172 |   5708 |   9 |  994.3 |
        Temple |    219 |    208 |     11 |      0 |    206 |   1 |  219.0 |
               +--------+--------+--------+--------+--------+-----+--------+

Top non-repeatable levels by time:
     D:1: 1771 daAuts
     D:7: 1256 daAuts
     D:3: 1069 daAuts
     D:2: 1007 daAuts
     D:4: 916 daAuts
     D:8: 899 daAuts
     D:5: 882 daAuts
     D:6: 808 daAuts
     D:9: 337 daAuts
  Temple: 219 daAuts
